 Dungeon Crawl Stone Soup version 0.22-a0-601-gb0ed703ee0 (webtiles) character file.

3675 PikkenKukken the Blocker (level 10, -1/80 HPs)
             Began as a Formicid Fighter on July 6, 2018.
             Was a Follower of Makhleb.
             Slain by a troll (3 damage)
             ... on level 9 of the Dungeon.
             The game lasted 00:15:39 (7843 turns).

PikkenKukken the Blocker (Formicid Fighter)         Turns: 7843, Time: 00:15:40

Health: -1/80      AC: 12    Str: 21    XL:     10   Next: 34%
Magic:  21/21      EV: 11    Int: 12    God:    Makhleb [*.....]
Gold:   536        SH: 18    Dex: 12    Spells: 9/9 levels left

rFire    + . .     SeeInvis +   g - -1 hand axe (curse)
rCold    . . .     Gourm    .   c - +1 shield
rNeg     . . .     Faith    .   b - +0 scale mail
rPois    .         Spirit   .   (helmet unavailable)
rElec    .         Reflect  +   w - +2 cloak
rCorr    .         Harm     .   z - +0 pair of gloves
MR       +....                  (no boots)
Stlth    ..........             n - +6 amulet of reflection
HPRegen  0.23/turn              h - ring of magical power
MPRegen  0.17/turn              x - +3 ring of intelligence

@: lethally poisoned (-1 -> -1)
A: permanent stasis, dig shafts and tunnels, four strong arms, antennae 3,
repulsion field 1, fire resistance 1, low mp 1
a: Dig, Shaft Self, Renounce Religion


You were on level 9 of the Dungeon.
You worshipped Makhleb.
Makhleb was aware of your devotion.
You were not hungry.

You visited 1 branch of the dungeon, and saw 10 of its levels.

You collected 536 gold pieces.

Inventory:

Hand Weapons
 a - a +0 war axe
 g - a cursed -1 hand axe (weapon)
 t - a +1 war axe
 y - a +0 arbalest
Missiles
 u - 29 bolts
Armour
 b - a +0 scale mail (worn)
 c - a +1 shield (worn)
 w - a +2 cloak (worn)
 z - a +0 pair of gloves (worn)
Jewellery
 e - an uncursed amulet of harm
 h - a ring of magical power (left hand)
 n - a +6 amulet of reflection (around neck)
 x - a +3 ring of intelligence (right hand)
 C - an uncursed ring of see invisible {unknown}
Wands
 l - a wand of digging (20)
 o - a wand of iceblast (2)
 A - a wand of paralysis (27)
Scrolls
 j - a scroll of noise
 k - 3 scrolls of identify
 s - 2 scrolls of enchant armour
 v - 2 scrolls of fog
Potions
 d - a potion of flight
 i - 4 potions of curing
 m - a potion of haste
 p - 4 potions of brilliance
 q - a potion of mutation
 r - 2 potions of lignification
Comestibles
 f - 7 rations
 B - 2 chunks of flesh


   Skills:
 + Level 7.7 Fighting
 + Level 6.6 Axes
 + Level 4.1 Crossbows
 + Level 7.9 Armour
 + Level 8.5 Shields
 + Level 4.7 Invocations


You had 9 spell levels left.
You didn't know any spells.
Your spell library was empty.

Dungeon Overview and Level Annotations

Branches:
Dungeon (10/15)            Temple (0/1) D:4
   Lair: D:8-11         Orc: D:9-12

Altars:
Ashenzari
Dithmenos
Elyvilon
Fedhas
Makhleb
Okawaru
Qazlal
Ru
Wu Jian

Portals:
Ossuary: D:8

Annotations:
D:7 3 runed doors, Goblin1989's ghost, novice GnFi


Innate Abilities, Weirdness & Mutations

You cannot be hasted, slowed, berserked, paralysed or teleported.
You can dig through walls and to a lower floor.
Your four strong arms can wield two-handed weapons with a shield.
You have a pair of large antennae on your head. (SInv)
You are surrounded by a mild repulsion field. (EV +2)
Your flesh is heat resistant. (rF+)
Your magical capacity is low. (-10% MP)


Message History

The troll claws you!
* * * LOW HITPOINT WARNING * * *
You barely miss the troll.
The troll is lightly wounded.
You block the troll's attack. x2; The troll claws you but does no damage.
Unknown command.
You closely miss the troll.
The troll is lightly wounded.
You feel sick.
You block the troll's attack. x2; The troll misses you.
Unknown command.
You hit the troll.
The troll is lightly wounded.
You block the troll's attack. The troll closely misses you.
The troll claws you.
* * * LOW HITPOINT WARNING * * *
Unknown command.
You slash the troll!
The troll is moderately wounded.
The troll closely misses you. The troll claws you.
You die...

....# ....#.....
#...#....
#...#...# #...#...
#...#..# #...#..#
#...#).# #...#@#
######.T.#T#
#........#Oh......
#........#.#######
#.>...............
#..............[..
#.................
##################


You could see a two-headed ogre, a troll and a hound.

Vanquished Creatures
  Erica (D:10)
  A two-headed ogre (D:9)
  Pikel (D:7)
  A hornet (D:7)
  2 slaves (D:7)
  A sky beast (D:6)
  A necrophage (D:7)
  2 ogres
  A centaur (D:8)
  2 bullfrogs
  2 scorpions
  4 killer bees (D:7)
  7 wights (D:6)
  A bullfrog zombie (D:7)
  A hound (D:7)
  2 jellies
  An orc priest (D:5)
  2 centaur skeletons
  2 iguanas
  Natasha (thrice) (D:2)
  4 worker ants
  A hound zombie (D:5)
  Robin (D:3)
  5 gnolls
  A worker ant zombie (D:6)
  5 adders
  2 adder skeletons
  A worm (D:3)
  A dart slug (D:1)
  5 leopard geckos
  18 orcs
  5 ball pythons
  4 giant cockroaches
  12 goblins
  9 hobgoblins
  18 jackals
  2 quokkas (D:3)
  6 bats
  5 frilled lizards
  A giant cockroach zombie (D:5)
  9 kobolds
  6 rats
159 creatures vanquished.

Vanquished Creatures (others)
  3 goblins (D:3)
  A kobold (D:3)
  4 fungi (D:10)
8 creatures vanquished.

Grand Total: 167 creatures vanquished

Notes
Turn   | Place    | Note
-------+----------+-------------------------------------------
     0 | D:1      | PikkenKukken the Formicid Fighter began the quest for the Orb.
     0 | D:1      | Reached XP level 1. HP: 18/18 MP: 1/1
    50 | D:1      | Reached XP level 2. HP: 24/24 MP: 2/2
    81 | D:1      | Reached XP level 3. HP: 18/29 MP: 3/3
    90 | D:1      | Reached skill level 4 in Shields
   644 | D:1      | Reached XP level 4. HP: 31/37 MP: 4/4
   905 | D:1      | Gained mutation: Your magical capacity is low. (-10% MP) [potion of mutation]
   905 | D:1      | Gained mutation: Your flesh is heat resistant. (rF+) [potion of mutation]
   905 | D:1      | Gained mutation: You are surrounded by a mild repulsion field. (EV +2) [potion of mutation]
   996 | D:2      | Noticed Natasha
  1003 | D:2      | Killed Natasha
  1184 | D:2      | Noticed Natasha
  1197 | D:2      | Killed Natasha
  1197 | D:2      | Reached XP level 5. HP: 19/42 MP: 4/4
  1404 | D:2      | Noticed Natasha
  1409 | D:2      | Killed Natasha
  1964 | D:3      | Reached XP level 6. HP: 37/49 MP: 5/5
  2101 | D:3      | Reached skill level 5 in Shields
  2135 | D:3      | Noticed Robin
  2144 | D:3      | Killed Robin
  2188 | D:3      | Found a burning altar of Makhleb.
  2190 | D:3      | Noticed a green death
  2194 | D:3      | Noticed a neqoxec
  2194 | D:3      | Noticed an orange demon
  2196 | D:3      | Became a worshipper of Makhleb the Destroyer
  2316 | D:3      | Found a shattered altar of Ashenzari.
  2630 | D:4      | Found a stormy altar of Qazlal.
  2682 | D:4      | Noticed an ogre
  2700 | D:4      | Killed an ogre
  2700 | D:4      | Reached skill level 5 in Armour
  2700 | D:4      | Reached XP level 7. HP: 38/55 MP: 6/6
  3499 | D:4      | Found a staircase to the Ecumenical Temple.
  3511 | D:4      | Found a sacrificial altar of Ru.
  3589 | D:5      | Entered Level 5 of the Dungeon
  3724 | D:4      | Reached skill level 5 in Fighting
  4019 | D:5      | Found an ornate altar of the Wu Jian Council.
  4332 | D:5      | Found an iron altar of Okawaru.
  4352 | D:5      | Reached * piety under Makhleb
  4980 | D:6      | Reached skill level 6 in Shields
  5065 | D:6      | Reached XP level 8. HP: 54/63 MP: 7/7
  5638 | D:6      | Reached skill level 5 in Axes
  5849 | D:6      | Found a blossoming altar of Fedhas.
  6140 | D:6      | Found a shadowy altar of Dithmenos.
  6191 | D:7      | Reached skill level 7 in Shields
  6194 | D:7      | Noticed a hornet
  6247 | D:7      | Killed a hornet
  6247 | D:7      | Reached skill level 1 in Crossbows
  6247 | D:7      | Reached skill level 1 in Invocations
  6247 | D:7      | Reached XP level 9. HP: 24/71 MP: 9/9
  6825 | D:7      | Noticed Goblin1989's ghost (novice GnFi)
  6984 | D:7      | Found a runed gate.
  6984 | D:7      | Found a runed gate.
  6984 | D:7      | Found a runed gate.
  7017 | D:7      | Found an iron altar of Okawaru.
  7023 | D:7      | Found a white marble altar of Elyvilon.
  7041 | D:7      | Noticed Pikel
  7061 | D:7      | Killed Pikel
  7707 | D:8      | Found a sand-covered staircase.
  7709 | D:8      | You fall through a shaft for 2 floors!
  7709 | D:10     | Entered Level 10 of the Dungeon
  7709 | D:10     | Noticed Erica
  7747 | D:10     | Killed Erica
  7747 | D:10     | Reached skill level 8 in Shields
  7747 | D:10     | Reached XP level 10. HP: 72/79 MP: 11/11
  7799 | D:9      | Noticed a two-headed ogre
  7831 | D:9      | Killed a two-headed ogre
  7834 | D:9      | Noticed a two-headed ogre
  7842 | D:9      | HP: 2/80 [troll (4)]
  7843 | D:9      | Slain by a troll

Vault maps used:
D:1:      arrival_zaba_pyramid
D:2:      first_ration, uniq_natasha
D:3:      lemuel_doored_altar, makhleb_altar_promises_db, uniq_robin
D:4:      lemuel_round_altar, nicolae_ru_path_of_blood,
          minmay_temple_entry_overgrown, grunt_ministairs_8
D:5:      lemuel_round_altar, kennysheep_okawaru_gauntlet
D:6:      kennysheep_mini, basic_altar, st_stairs_6
D:7:      grunt_temple_overflow_open, gammafunk_ghost_icy, uniq_pikel
D:8:      gup_ossuary_entry_pyramid, tso_altar
D:9:      minmay_quarter_circles, palyth_temple_overflow_mages, basic_altar
D:10:     grunt_lair_entry_orc_guard_hut, uniq_erica

Skill      XL: |  1  2  3  4  5  6  7  8  9 10 |
---------------+-------------------------------+-----
Shields        | 4 5 6 7 8 |  8.5
Armour         | 4 5 6 7 |  7.9
Fighting       | 4 5 6 7 |  7.7
Axes           | 3 4 5 6 |  6.6
Crossbows      | 1 3 4 |  4.1
Invocations    | 1 4 |  4.7

Action                   |  1- 3 |  4- 6 |  7- 9 | 10-12 || total
-------------------------+-------+-------+-------+-------++-------
Melee: War axe           |    93 |   190 |    20 |       ||   303
       Hand axe          |       |       |   550 |    45 ||   595
  Use: Scroll            |       |    11 |     5 |       ||    16
       Potion            |       |     2 |     2 |       ||     4
  Eat: Chunk             |       |     6 |    10 |     1 ||    17
       Ration            |       |       |     2 |       ||     2
Armor: Scale mail        |    57 |    76 |   104 |    11 ||   248
Dodge: Dodged            |    45 |    79 |   121 |    18 ||   263
Block: Shield            |    62 |   166 |   474 |    50 ||   752
       Reflection        |       |     5 |     4 |       ||     9

Table legend:
 A = Spawn XP
 B = Non-spawn XP
 C = Spawn XP percentage of total XP
 D = Spawn monster count
 E = Non-spawn monster count
 F = Spawn count percentage of total count
 G = Total turns spent on level
                    A         B        C        D         E        F      G
               +---------+---------+-------+---------+---------+-------+---------
         Total |       0 |    5250 |   0.0 |       0 |     160 |   0.0 |  7843
               +---------+---------+-------+---------+---------+-------+---------
           D:1 |       0 |      82 |   0.0 |       0 |      39 |   0.0 |  1138
           D:2 |       0 |     118 |   0.0 |       0 |      10 |   0.0 |   678
           D:3 |       0 |     160 |   0.0 |       0 |      43 |   0.0 |   772
           D:4 |       0 |     234 |   0.0 |       0 |      17 |   0.0 |  1205
           D:5 |       0 |     254 |   0.0 |       0 |      13 |   0.0 |  1125
           D:6 |       0 |     803 |   0.0 |       0 |      17 |   0.0 |  1238
           D:7 |       0 |    1483 |   0.0 |       0 |      14 |   0.0 |  1533
           D:8 |       0 |     103 |   0.0 |       0 |       1 |   0.0 |    20
           D:9 |       0 |    1090 |   0.0 |       0 |       5 |   0.0 |    71
          D:10 |       0 |     923 |   0.0 |       0 |       1 |   0.0 |    63
               +---------+---------+-------+---------+---------+-------+---------
